 Dungeon Crawl Stone Soup version 0.31-a0-175-g9f7f995f2b (webtiles) character file.

Game seed: 4627856423521763450

412 qw the Chopper (level 6, -1/39 HPs)
             Began as a Gargoyle Fighter on June 17, 2023.
             Slain by Duvessa
             ... wielding a +0 rapier
              (6 damage)
             ... on level 4 of the Dungeon.
             The game lasted 00:01:33 (2697 turns).

qw the Chopper (Gargoyle Fighter)                   Turns: 2697, Time: 00:01:34

Health: -1/39      AC: 16    Str: 22    XL:     6   Next: 90%
Magic:  6/6        EV:  6    Int:  8    God:
Gold:   176        SH:  4    Dex:  9    Spells: 5/5 levels left

rFire   + . .        n - +0 broad axe
rCold   . . .        c - +0 buckler
rNeg    + . .        a - +1 plate armour
rPois   inf          (no helmet)
rElec   +            (no cloak)
rCorr   .            (no gloves)
SInv    .            (no boots)
Will    .....        g - amulet of regeneration Stlth
                     k - ring of protection from fire
HPRegen 1.06/turn    (no ring)
MPRegen 0.10/turn

%: no passive effects
@: no status effects
A: sickness immunity, AC +4, negative energy resistance 1, electricity
resistance, torment resistance 1, petrification resistance
a: no special abilities


You were on level 4 of the Dungeon.
You visited 1 branch of the dungeon, and saw 4 of its levels.

You collected 176 gold pieces.


Innate Abilities, Weirdness & Mutations

You are immune to sickness and miasma.
Your stone body is resilient. (AC +4)
You are immune to poison.
You resist negative energy. (rN+)
You are resistant to electric shocks. (rElec)
You are resistant to unholy torment.
You are immune to petrification.


   Skills:
 - Level 4.4 Fighting
 + Level 6.0 Axes
 - Level 3.2 Armour
 - Level 3.2 Shields


You had 5 spell levels left.
You didn't know any spells.
Your spell library was empty.

Inventory:

Hand Weapons
 n - a +0 broad axe (weapon)
 s - a +0 flail
Missiles
 l - 3 boomerangs (quivered)
Armour
 a - a +1 plate armour (worn)
 c - a +0 buckler (worn)
Jewellery
 f - a ring of ice
 g - an amulet of regeneration (around neck)
 k - a ring of protection from fire (left hand)
Wands
 b - a wand of digging (4)
Scrolls
 m - a scroll of poison {unknown}
 r - a scroll of identify
 t - a scroll of blinking {unknown}
Potions
 d - 2 potions of might
 e - a potion of mutation
 h - a potion of lignification {unknown}
 i - a potion of brilliance {unknown}
 j - a potion of haste {unknown}
 o - a potion of curing {unknown}
 p - a potion of enlightenment {unknown}
 q - a potion of magic {unknown}

Dungeon Overview and Level Annotations

Branches:
Dungeon (4/15)
 Temple: D:4-7

Altars:
Dithmenos
Gozag
Zin

Annotations:
D:4 Dowan, Duvessa


Message History

Duvessa is moderately wounded.
You barely miss Dowan. Duvessa hits you with a +0 rapier.
Dowan hits you but does no damage. Duvessa hits you but does no damage.
Dowan hits you with a +0 dagger.
You hit Duvessa.
Duvessa is moderately wounded.
You closely miss Dowan. Duvessa closely misses you.
Dowan hits you but does no damage.
You slash Duvessa!
Duvessa is severely wounded.
You hit the giant cockroach. You closely miss Dowan.
You block the giant cockroach's attack. Duvessa hits you but does no damage.
Dowan gestures at you while chanting. The puff of flame hits you. You resist.
The giant cockroach barely misses you.
You closely miss the giant cockroach.
The giant cockroach is almost dead.
You barely miss Dowan. You hit Duvessa but do no damage.
You block Duvessa's attack. Dowan hits you with a +0 dagger.
The giant cockroach bites you but does no damage.
Duvessa barely misses you. Dowan barely misses you.
You barely miss Duvessa.
Duvessa is severely wounded.
You closely miss the giant cockroach. You hit Dowan but do no damage.
You block the giant cockroach's attack. The giant cockroach barely misses you.
Duvessa hits you with a +0 rapier. Dowan hits you but does no damage.
You hit Duvessa.
Duvessa is severely wounded.
You slash Dowan! You slash the giant cockroach!
You kill the giant cockroach!
Duvessa hits you with a +0 rapier.
An orc comes into view. It is wielding a +0 dagger.
Dowan gestures at you while chanting. The puff of flame hits you. You resist.
You hit Duvessa.
Duvessa is almost dead.
You barely miss the orc. You barely miss Dowan.
Duvessa hits you with a +0 rapier! The orc closely misses you.
Dowan mumbles some strange words.
Dowan blinks!
Duvessa hits you with a +0 rapier.
You die...

.. #...# #.# #..##.#
##.#####..[######.###..##.#
#.........................#
......#¤#¤.................
.....#¤¤¤#.........###%#.)#
.#.##¤#¤#¤######.#.##..#..#
.¤ ¤¤¤¤¤¤¤.# #.#.##.##..# .
¤#.#o#.####.#........#
#¤¤¤#@.#...........#.#
##¤#¤e%#.##.#.##.#.#.#
.......# #.#[##....:#
##.....e. #...........
....###... #.#.###..###
..... ....#.#......# ...#
#........##.## ...
#.##.##.##.# #.##.##.#


You could see Duvessa, Dowan and an orc.

Vanquished Creatures
  A black bear (D:4)
  A phantom (D:3)
  A jelly (D:4)
  Ijyb (D:3)
  An iguana (D:3)
  2 orc wizards
  4 adders
  2 worms (D:2)
  A dart slug (D:2)
  8 orcs
  5 ball pythons
  11 bats
  6 endoplasms
  4 giant cockroaches
  11 hobgoblins
  3 kobolds (D:1)
  2 quokkas
  6 frilled lizards
  6 goblins
  5 rats
81 creatures vanquished.

Notes
Turn   | Place    | Note
-------+----------+-------------------------------------------
     0 | D:1      | qw the Gargoyle Fighter began the quest for the Orb.
     0 | D:1      | Reached XP level 1. HP: 14/14 MP: 1/1
     0 | D:1      | 0 ||| qw: Version: 0.3-a-2-g5ab2908
     0 | D:1      | 0 ||| qw: Game counter: 148
     0 | D:1      | 0 ||| qw: Always use a shield: true
     0 | D:1      | 0 ||| qw: God list: Okawaru
     0 | D:1      | 0 ||| qw: Allow faded altars: false
     0 | D:1      | 0 ||| qw: Do Orc after D:15 true
     0 | D:1      | 0 ||| qw: Do second Lair branch before Depths: true
     0 | D:1      | 0 ||| qw: Lair rune preference: random
     0 | D:1      | 0 ||| qw: Plans: Normal, Zot:1-4, Slime:5, God:TSO, Crypt,
                  | Tomb, Abyss, Pan, Hells, Win
     0 | D:1      | 0 ||| PLANNING D:1-11
    24 | D:1      | Reached skill level 2 in Axes
    75 | D:1      | Reached XP level 2. HP: 16/19 MP: 2/2
   108 | D:1      | 108 ||| Stepping ~*~*~tactically~*~*~ (stealth).
   110 | D:1      | 110 ||| Stepping ~*~*~tactically~*~*~ (stealth).
   338 | D:1      | Reached skill level 3 in Axes
   501 | D:1      | Reached XP level 3. HP: 23/23 MP: 3/3
   833 | D:1      | 833 ||| READING scroll labelled BIETWI NANGY.
   837 | D:1      | 837 ||| READING scroll labelled UPNOET PECHE.
  1168 | D:2      | 1168 ||| DROPPING +0 club.
  1251 | D:2      | Reached XP level 4. HP: 17/28 MP: 4/4
  1422 | D:2      | Reached skill level 4 in Axes
  1437 | D:2      | 1437 ||| UPGRADING to +0 plate armour.
  1447 | D:2      | 1447 ||| DROPPING +0 scale mail.
  1448 | D:2      | 1448 ||| UPGRADING to amulet of regeneration.
  1453 | D:2      | 1453 ||| UPGRADING to ring of protection from fire.
  1454 | D:2      | 1454 ||| READING scroll labelled FIZICH WAGO.
  1455 | D:2      | 1455 ||| READING scroll labelled GOSILY DICRUF.
  1551 | D:3      | Reached XP level 5. HP: 24/32 MP: 5/5
  1559 | D:3      | 1559 ||| DROPPING +0 whip.
  1633 | D:3      | 1633 ||| READING 2 scrolls labelled KOL SUASMUONLY.
  1634 | D:3      | 1634 ||| READING scroll of enchant armour.
  1634 | D:3      | 1634 ||| ENCHANTING +0 plate armour.
  1705 | D:3      | 1705 ||| Stepping randomly (stuck).
  1765 | D:3      | Noticed Ijyb
  1794 | D:3      | Killed Ijyb
  1795 | D:3      | Reached skill level 5 in Axes
  1834 | D:3      | Found a glowing silver altar of Zin.
  1834 | D:3      | Found an opulent altar of Gozag.
  1927 | D:3      | Noticed a phantom
  1935 | D:3      | Killed a phantom
  1936 | D:3      | Reached XP level 6. HP: 39/39 MP: 6/6
  2021 | D:3      | 2021 ||| SWAPPING to +0 broad axe.
  2022 | D:3      | 2022 ||| DROPPING +1 war axe.
  2216 | D:3      | 2216 ||| DROPPING ring of magical power.
  2217 | D:3      | 2217 ||| READING 2 scrolls of identify.
  2217 | D:3      | 2217 ||| IDENTIFYING murky clear potion
  2276 | D:4      | Identified the +7 flail "Lezerph" {distort, rPois Int+2
                  | SInv}
  2278 | D:4      | 2278 ||| DROPPING +7 flail "Lezerph" {distort, rPois Int+2
                  | SInv}.
  2379 | D:4      | 2379 ||| Stepping ~*~*~tactically~*~*~ (hiding).
  2529 | D:4      | 2529 ||| DROPPING +2 mace of protection.
  2530 | D:4      | Noticed a black bear
  2533 | D:4      | Killed a black bear
  2618 | D:4      | Reached skill level 6 in Axes
  2675 | D:4      | Found a shadowy altar of Dithmenos.
  2685 | D:4      | Noticed Duvessa
  2685 | D:4      | Noticed Dowan
  2686 | D:4      | 2686 ||| Stepping ~*~*~tactically~*~*~ (stealth).
  2697 | D:4      | HP: 5/39 [Duvessa/+0 rapier (11)]
  2697 | D:4      | Slain by Duvessa

Levels and vault maps discovered:
D:1:      dpeg_arrival_round_c, layout_basic, minmay_misc_feat_ornament,
          minmay_indecisive_spiral
D:2:      layout_rooms, minmay_cupped
D:3:      layout_basic, grunt_temple_overflow_gold_and_silver, uniq_ijyb
D:4:      layout_loops_cross, grunt_dithmenos_smoke_and_mirrors, corexii_shack,
          uniq_duvessa

Skill      XL: |  1  2  3  4  5  6 |
---------------+-------------------+-----
Axes           | 2 3 4 5 6 |  6.0
Fighting       | 4 |  4.4
Armour         | |  3.2
Shields        | |  3.2

Action                     |  1- 3 |  4- 6 || total
---------------------------+-------+-------++-------
  Melee: War axe           |   109 |    79 ||   188
         Broad axe         |       |    42 ||    42
  Throw: Boomerang         |       |    43 ||    43
    Use: Scroll            |     2 |     5 ||     7
 Armour: Scale mail        |    53 |    13 ||    66
         Plate armour      |       |    67 ||    67
  Dodge: Dodged            |    58 |    44 ||   102
  Block: Buckler           |    19 |    32 ||    51

Table legend:
 A = Non-vault XP
 B = Vault XP
 C = Vault XP percentage of total XP
 D = Non-vault monster count
 E = Vault monster count
 F = Vault count percentage of total count
                 A         B        C        D         E       F
            +---------+---------+-------+---------+---------+-------
      Total |     534 |      55 |   9.3 |      71 |      10 |  12.3
            +---------+---------+-------+---------+---------+-------
        D:1 |      34 |       7 |  17.1 |      23 |       4 |  14.8
        D:2 |      49 |      10 |  16.9 |      19 |       4 |  17.4
        D:3 |     222 |      36 |  14.0 |      18 |       1 |   5.3
        D:4 |     229 |       2 |   0.9 |      11 |       1 |   8.3
            +---------+---------+-------+---------+---------+-------
